 Dungeon Crawl Stone Soup version 0.27.1-3-gb3d3a73c9e (webtiles) character file.

Game seed: 16651088737385253685

121 Crownlay the Chopper (level 5, 0/45 HPs)
             Began as a Hill Orc Fighter on Oct 19, 2021.
             Slain by Crazy Yiuf (3 damage)
             ... on level 2 of the Dungeon.
             The game lasted 00:03:34 (2378 turns).

Crownlay the Chopper (Hill Orc Fighter)             Turns: 2378, Time: 00:03:35

Health: 0/45       AC: 10    Str: 20    XL:     5   Next: 5%
Magic:  5/5        EV:  9    Int:  8    God:
Gold:   76         SH:  0    Dex: 10    Spells: 4/4 levels left

rFire    . . .     SeeInvis .   a - +0 war axe
rCold    . . .     Faith    .   (no shield)
rNeg     . . .     Spirit   .   b - +0 scale mail
rPois    .         Reflect  .   q - +1 helmet
rElec    .         Harm     .   (no cloak)
rCorr    .         Rampage  .   i - +0 pair of gloves
Will     .....                  (no boots)
Stlth    ..........             (no amulet)
HPRegen  0.15/turn              (no ring)
MPRegen  0.09/turn              (no ring)

@: no status effects
A: no striking features
a: no special abilities


You were on level 2 of the Dungeon.
You visited 1 branch of the dungeon, and saw 2 of its levels.

You collected 76 gold pieces.

Inventory:

Hand Weapons
 a - a +0 war axe (weapon)
Missiles
 j - 15 poisoned darts (quivered)
Armour
 b - a +0 scale mail (worn)
 c - a +0 kite shield
 i - a +0 pair of gloves (worn)
 q - a +1 helmet (worn)
Wands
 r - a wand of digging (5)
Scrolls
 e - a scroll of torment {unknown}
 f - 2 scrolls of identify {unknown}
 h - a scroll of vulnerability {unknown}
 k - a scroll of amnesia {unknown}
 l - a scroll of noise {unknown}
Potions
 d - a potion of might
 g - a potion of degeneration {unknown}
 m - a potion of curing {unknown}
 n - a potion of heal wounds {unknown}
 o - a potion of brilliance {unknown}
 p - a potion of attraction {unknown}


   Skills:
 - Level 3.6 Fighting
 * Level 6.7 Axes
 - Level 3.2 Armour
 - Level 3.2 Shields


You had 4 spell levels left.
You didn't know any spells.
Your spell library was empty.

Dungeon Overview and Level Annotations

Branches:
Dungeon (2/15)

Altars:

Annotations:
D:2 Crazy Yiuf


Message History

You closely miss the bat. The bat barely misses you.
The bat closely misses you.
You barely miss the bat. The bat closely misses you.
You barely miss the bat. The bat completely misses you.
You hit the bat.
You kill the bat!
No target in view!
No target in view!
No target in view!
You see here a bat corpse.
r - a wand of digging (5)
Found a stone staircase leading up.
There is a stone staircase leading up here.
Found a mace.
Found a runed translucent door.
Crazy Yiuf shouts!
Crazy Yiuf grits, "Dawk return to song ragdoll!"
Crazy Yiuf yells, "Defame!
Shadow chair snockshim."
There is a stone staircase leading up here.
Key pressed, stopping explore.
Crazy Yiuf shouts!
Crazy Yiuf says, "Spliff horse sanguine!"
You open the door. You barely miss Crazy Yiuf.
Crazy Yiuf says, "Line!"
Crazy Yiuf hits you with a +4 quarterstaff of chaos!
You are electrocuted!
You hit Crazy Yiuf.
Crazy Yiuf is moderately wounded.
Crazy Yiuf hits you with a +4 quarterstaff of chaos.
Space bends around you.
You hit Crazy Yiuf but do no damage.
Crazy Yiuf is moderately wounded.
Crazy Yiuf hits you with a +4 quarterstaff of chaos!
* * * LOW HITPOINT WARNING * * *
Crazy Yiuf freezes you.
* * * LOW HITPOINT WARNING * * *
You hit Crazy Yiuf but do no damage.
Crazy Yiuf is moderately wounded.
Crazy Yiuf hits you with a +4 quarterstaff of chaos.
You die...

#..........####..###
#.# #.........##
#....# #<#
#.##.####### ♣P.PP♣
#.# #..........#
♣.P.♣♣ #.#########
####.####### ♣♣.♣♣
#.......... #.# ♣.♣♣
#####...### #.# ♣♣.♣
###...### #.# ♣.♣♣
###........ #.# ♣♣@♣
#......†... #.# #g#
#.#........ #.#####
... #.###...##.
#.....# #...#
##.###...##.
#####.### #..)#
#.#.###.###. #...#
##### ####.##.###.
##### #.#.###.....
#..## #####.
#.#########.


You could see Crazy Yiuf.

Vanquished Creatures
  Jessica (D:2)
  Robin (D:2)
  3 adders (D:2)
  An ufetubus (D:2)
  A dart slug (D:1)
  4 bats
  3 endoplasms
  2 giant cockroaches (D:1)
  10 goblins
  8 hobgoblins
  3 ball pythons
  3 frilled lizards (D:2)
  6 kobolds
  3 rats (D:1)
49 creatures vanquished.

Notes
Turn   | Place    | Note
-------+----------+-------------------------------------------
     0 | D:1      | Crownlay the Hill Orc Fighter began the quest for the Orb.
     0 | D:1      | Reached XP level 1. HP: 19/19 MP: 1/1
    45 | D:1      | Reached skill level 3 in Axes
   172 | D:1      | Reached XP level 2. HP: 22/26 MP: 2/2
   271 | D:1      | Reached skill level 4 in Axes
   496 | D:1      | Found a faded altar of an unknown god.
  1029 | D:2      | Reached XP level 3. HP: 22/31 MP: 3/3
  1270 | D:2      | Noticed Jessica
  1275 | D:2      | Killed Jessica
  1276 | D:2      | Reached skill level 5 in Axes
  1276 | D:2      | Reached XP level 4. HP: 33/39 MP: 4/4
  1355 | D:2      | Reached skill level 6 in Axes
  1667 | D:2      | Noticed Robin
  1698 | D:2      | Killed Robin
  1704 | D:2      | Reached XP level 5. HP: 25/45 MP: 5/5
  2201 | D:2      | Found a runed translucent door.
  2202 | D:2      | Noticed Crazy Yiuf
  2377 | D:2      | HP: 2/45 [Crazy Yiuf (1)]
  2378 | D:2      | Slain by Crazy Yiuf

Illustrated notes

Levels and vault maps discovered:
D:1:      tarquinn_simple_flora_water_f, layout_loops_ring,
          shapermc_ecumenical_altar_mp_highgroup
D:2:      minmay_razor_zed, layout_loops_ring, uniq_robin,
          uniq_crazy_yiuf_cottage, uniq_jessica

Skill      XL: |  1  2  3  4 |
---------------+-------------+-----
Axes           | 3 4 5 6 |  6.7
Fighting       | |  3.6
Armour         | |  3.2
Shields        | |  3.2

Action                   |  1- 3 |  4- 6 || total
-------------------------+-------+-------++-------
Melee: War axe           |    64 |    81 ||   145
Armor: Scale mail        |    44 |    49 ||    93
Dodge: Dodged            |    43 |    55 ||    98
